 Dungeon Crawl Stone Soup version 0.28.0-1-gb440e238dd (webtiles) character file.

Game seed: 12322290977530270441

65 croobank the Skirmisher (level 3, 0/29 HPs)
             Began as a Demonspawn Abyssal Knight on Feb 24, 2022.
             Was a Believer of Lugonu.
             Slain by Jessica (3 damage)
             ... on level 3 of the Dungeon.
             The game lasted 00:08:33 (2327 turns).

croobank the Skirmisher (Demonspawn Abyssal Knight) Turns: 2327, Time: 00:08:34

Health: 0/29       AC:  5    Str: 15    XL:     3   Next: 92%
Magic:  5/5        EV: 11    Int: 11    God:    Lugonu [**....]
Gold:   73         SH:  0    Dex: 13    Spells: 2/2 levels left

rFire   . . .      SeeInvis .   a - +1 hand axe
rCold   . . .      Faith    .   (no shield)
rNeg    . . .      Spirit   .   b - +0 leather armour
rPois   .          Reflect  .   i - +0 hat
rElec   .          Harm     .   (no cloak)
rCorr   .          Rampage  .   (no gloves)
Will    .....                   (no boots)
Stlth   +.........              (no amulet)
HPRegen 0.09/turn               (no ring)
MPRegen 0.09/turn               (no ring)

@: flying
A: yellow scales 1
a: Renounce Religion, Depart the Abyss, Bend Space


You were on level 3 of the Dungeon.
You worshipped Lugonu.
Lugonu was pleased with you.
You visited 1 branch of the dungeon, and saw 3 of its levels.
You visited the Abyss 1 time.

You collected 73 gold pieces.

Inventory:

Hand Weapons
 a - a +1 hand axe (weapon)
Missiles
 d - 43 stones
 j - 22 sling bullets
 k - 30 bolts
Armour
 b - a +0 leather armour (worn)
 i - a +0 hat (worn)
Scrolls
 f - a scroll of vulnerability {unknown}
 g - a scroll of blinking {unknown}
 h - a scroll of amnesia {unknown}
Potions
 e - a potion of attraction
 l - 2 potions of might {unknown}
 m - a potion of cancellation {unknown}


   Skills:
 + Level 3.4 Fighting
 + Level 2.3 Axes
 + Level 2.3 Armour
 + Level 1.6 Dodging
 + Level 3.2 Invocations


You had 2 spell levels left.
You didn't know any spells.
Your spell library contained the following spells:

 Spells                   Type           Power      Damage    Failure   Level
 Borgnjor's Revivificati  Necr           0%         N/A       100%        8
 Necromutation            Tmut/Necr      0%         N/A       100%        8
 Death's Door             Necr           0%         N/A       100%        9


Dungeon Overview and Level Annotations

Branches:
Dungeon (3/15)

Altars:
The Shining One

Annotations:
D:2 Sigmund
D:3 Jessica


Innate Abilities, Weirdness & Mutations

You are partially covered in yellow scales. (AC +2)


Message History

You hit the rat.
You kill the rat!
Lugonu accepts your kill.
You feel sick. The kobold hits you but does no damage.
Jessica the Apprentice Sorceress comes into view.
She is wielding a +0 club and carrying a wand of flame (27).
Jessica shouts!
You hit the kobold.
You kill the kobold!
Lugonu accepts your kill.
You feel sick.
You are no longer poisoned.
Jessica barely misses you.
You hit Jessica.
Jessica is moderately wounded.
Jessica casts a spell at you. Pain shoots through your body!
You hit Jessica.
Jessica is severely wounded.
Jessica misses you. Jessica hits you with a +0 club.
You hit Jessica.
Jessica is severely wounded.
Jessica casts a spell.
Jessica seems to speed up.
You barely miss Jessica.
Jessica is severely wounded.
Jessica zaps a wand.
The puff of flame hits you!
* * * LOW HITPOINT WARNING * * *
Jessica closely misses you.
You closely miss Jessica.
Jessica is severely wounded.
Jessica mumbles something strange.
Jessica barely misses you. The dart slug launches a dart at you.
The slug dart misses you.
It was a potion of flight.
You feel very buoyant.
You fly up into the air.
Jessica hits you with a +0 club.
* * * LOW HITPOINT WARNING * * *
Jessica hits you with a +0 club.
You die...

###...........#..# #...
.....#.###..###.####.##
##...#.................
##..#####......####.##
#......#......## ....
####......#.............
..........#.#.##.#......
#....w...#.#.##.#......
#...##@....#.##.#.....#
#. .##@#.#......# #####
....#.......#....
#.###...........# #
#........###.##
#.#.####.....# #.#.#
#..#### # #.# #..### #.
#....#


You could see a dart slug and Jessica (fast).

Vanquished Creatures
  2 dart slugs
  6 ball pythons
  7 bats
  8 endoplasms
  3 giant cockroaches
  3 goblins (D:1)
  4 hobgoblins
  5 jackals (D:2)
  4 quokkas
  A frilled lizard (D:2)
  7 kobolds
  A rat (D:3)
51 creatures vanquished.

Notes
Turn   | Place    | Note
-------+----------+-------------------------------------------
     0 | Abyss:1  | croobank the Demonspawn Abyssal Knight began the quest for
                  | the Orb.
     0 | Abyss:1  | Reached XP level 1. HP: 18/18 MP: 2/2
     1 | Abyss:1  | Found a corrupted altar of Lugonu.
     9 | Abyss:2  | Noticed a chaos spawn
    10 | D:1      | Escaped the Abyss
    38 | D:1      | Reached skill level 1 in Dodging
   253 | D:1      | Gained mutation: You are partially covered in yellow
                  | scales. (AC +2) [demonic ancestry]
   253 | D:1      | Reached XP level 2. HP: 12/24 MP: 4/4
   508 | D:1      | Reached * piety under Lugonu
  1239 | D:1      | Reached XP level 3. HP: 29/29 MP: 5/5
  1566 | D:2      | Noticed Sigmund
  2302 | D:3      | Reached ** piety under Lugonu
  2319 | D:3      | Noticed Jessica
  2327 | D:3      | Slain by Jessica

Illustrated notes

Levels and vault maps discovered:
D:1:      erik_arrival_orb_chamber, layout_basic
D:2:      layout_loops_corners, basic_altar, kennysheep_pointless_box,
          uniq_sigmund
D:3:      layout_basic, gammafunk_ghost_nasty_kobolds, uniq_robin, uniq_jessica

Skill      XL: |  1  2  3 |
---------------+----------+-----
Dodging        | 1 |  1.6
Armour         | 2 |  2.3
Axes           | 2 |  2.3
Invocations    | 3 |  3.2
Fighting       | |  3.4

Action                   || total
-------------------------++-------
Melee: Hand axe          ||   170
       Punch             ||     1
Invok: Depart the Abyss  ||     1
  Use: Potion            ||     2
       Scroll            ||     1
Armor: Leather armour    ||    65
Dodge: Dodged            ||   131
